cohdb
Replays
Latest Replays
All Replays
Popular Replays
Top Player Replays
Match Explorer
How It Works
Community
CoH3 Stats
Reddit
Sign in to upload your games and track your stats! →
Sign in with Steam
Match 46910866
Unlisted
Match 46910866
Overview
Messages
Build Orders
End
Selects Airborne Battlegroup
Selects Pathfinders
Construct Barracks
Riflemen Squad
Pathfinder Squad
M1 Mortar Team
Riflemen Squad
Infantry Support Center
Grenade Package
M1918 Browning Automatic Rifles
Riflemen Squad
Construct Motor Pool
M24 Chaffee Light Tank
Survival Training
Selects Paratrooper Squad Paradrop
Selects Anti-tank Gun Team Paradrop
Construct Medical Station
M1 Anti-tank Gun Team
Riflemen Squad
Anti-tank Gun Team Paradrop
Selects Recon Loiter
Selects Paradrop Reinforcements
Riflemen Squad
Riflemen Squad
Selects Dual P-47 Rocket Strike
Anti-tank Gun Team Paradrop
Anti-tank Gun Team Paradrop
Anti-tank Gun Team Paradrop
Anti-tank Gun Team Paradrop
Riflemen Squad
Riflemen Squad
Riflemen Squad
Riflemen Squad
JISA_leb
iceman
0
0
Comments
sign in to comment!
No comments posted yet!